 Dungeon Crawl Stone Soup version 0.30-a0-50-gb2d611f6b1 (webtiles) character file.

Game seed: 11808197113855575226

577 PhineusFerb the Covered (level 7, -1/61 HPs)
             Began as a Hill Orc Fighter on Sept 4, 2022.
             Shot with a bolt by an orc warrior (5 damage)
             ... on level 7 of the Dungeon.
             The game lasted 00:22:40 (3220 turns).

PhineusFerb the Covered (Hill Orc Fighter)          Turns: 3220, Time: 00:22:41

Health: -1/61      AC:  8    Str: 25    XL:     7   Next: 35%
Magic:  7/7        EV:  8    Int:  5    God:
Gold:   54         SH:  4    Dex: 10    Spells: 6/6 levels left

rFire   . . .      SeeInvis .    f - +6 dagger of Anguish {drain, rElec rC+ Str+4 Int-3}
rCold   + . .      Faith    .    c - +0 buckler
rNeg    . . .      Spirit   .    b - +0 chain mail
rPois   .          Reflect  .    h - +0 helmet
rElec   +          Harm     .    (no cloak)
rCorr   .          Rampage  .    (no gloves)
Will    .....                    g - +0 pair of boots
Stlth   ..........               (no amulet)
HPRegen 0.20/turn                (no ring)
MPRegen 0.10/turn                (no ring)

@: corroded
A: no striking features
a: no special abilities


You were on level 7 of the Dungeon.
You visited 1 branch of the dungeon, and saw 5 of its levels.

You collected 153 gold pieces.
You spent 99 gold pieces at shops.

Inventory:

Hand Weapons
 a - a +0 war axe
 f - the +6 dagger of Anguish (weapon) {drain, rElec rC+ Str+4 Int-3}
   (You found it on level 2 of the Dungeon)

   A truly terrible weapon, it drains the life of any living foe it strikes.
   Str:       It affects your strength (+4).
   Int:       It affects your intelligence (-3).
   rC:        It protects you from cold.
   rElec:     It insulates you from electricity.
 j - a +2 trident of flaming
Armour
 b - a +0 chain mail (worn)
 c - a +0 buckler (worn)
 g - a +0 pair of boots (worn)
 h - a +0 helmet (worn)
Wands
 i - a wand of light (3)
Scrolls
 d - 6 scrolls of identify


   Skills:
 + Level 5.0 Fighting
 + Level 3.7 Short Blades
 + Level 3.6 Axes
 + Level 5.9 Armour
 + Level 1.1 Dodging
 + Level 0.2 Stealth
 + Level 4.2 Shields


You had 6 spell levels left.
You didn't know any spells.
Your spell library contained the following spells:

 Spells                   Type           Power      Damage    Failure   Level
 Sublimation of Blood     Necr           0%         N/A       99%         2
 Wereblood                Tmut           0%         N/A       99%         2
 Tukima's Dance           Hex            0%         N/A       100%        3
 Passage of Golubria      Tloc           0%         N/A       100%        4
 Yara's Violent Unravell  Hex/Tmut       0%         3d3       100%        5
 Summon Hydra             Summ           0%         N/A       100%        7


Dungeon Overview and Level Annotations

Branches:
Dungeon (4/15)
 Temple: D:4-7

Altars:
Yredelemnul

Shops:
D:2 (*!

Annotations:
D:3 2 transporters, QueenGhuleh's ghost, amateur MiBe
D:7 Menkaure


Message History

Menkaure seems to speed up.
You see here a +0 trident.
You puncture the jelly!
Your hands burn!
The jelly is heavily wounded.
The jelly hits you but does no damage.
You hit the jelly. You drain the jelly.
Your hands burn!
The jelly is almost dead.
The jelly hits you. The acid corrodes you!
You are splashed with acid.
You hit the jelly. You drain the jelly.
You kill the jelly!
Menkaure hits you!!
You barely miss Menkaure. Menkaure hits you. The necrophage misses you.
Menkaure hits you!
* * * LOW HITPOINT WARNING * * *
As you read the scroll of teleportation, it crumbles to dust.
You feel strangely unstable. The necrophage hits you.
* * * LOW HITPOINT WARNING * * *
Menkaure closely misses you.
You hit Menkaure.
Menkaure is lightly damaged.
You block Menkaure's attack. The necrophage hits you.
* * * LOW HITPOINT WARNING * * *
You hit Menkaure.
Menkaure is lightly damaged.
You block Menkaure's attack.
You hit Menkaure but do no damage.
Menkaure is lightly damaged.
Your surroundings suddenly seem different.
Found a stone staircase leading up.
Really walk into that teleport trap?
You enter a teleport trap!
The teleport trap disappears.
Your surroundings suddenly seem different.
A hound, 4 orcs and an ufetubus come into view.
Found a scroll labelled APTOIV HAIPTE and a spear.
The hound barks!
The orc warrior shouts!
The orc wizard shouts!
The orc shouts! x2
The ufetubus shouts!
The orc warrior unwields a +0 dire flail.
The orc warrior wields a +0 arbalest.
The orc warrior shoots a bolt.
The bolt hits you.
You die...

##### ###############
##..# #..............
##..# ...............
#...# ...............
#..## ...............
...# ............?..
...# .......@.......
##..# ...............
##..# ......o........
.... ...o......5...#
..... ...oh.o.......#
.#..<.)............##
##.................#
#...............##


You could see an orc warrior, a hound, an orc wizard, 2 orcs and an ufetubus.

Vanquished Creatures
  Sigmund (D:4)
  Pargi (D:4)
  A black bear (D:4)
  2 jellies
  2 hounds
  Robin (D:4)
  5 adders
  A worm (D:3)
  2 dart slugs
  2 orcs
  3 endoplasms
  2 giant cockroaches (D:2)
  13 goblins
  7 hobgoblins
  2 jackals (D:3)
  3 quokkas
  2 ball pythons (D:3)
  A ball python skeleton (D:2)
  6 bats
  2 frilled lizards
  4 kobolds
  A quokka zombie (D:2)
  4 rats
68 creatures vanquished.

Vanquished Creatures (others)
  4 withered plants (D:2)
4 creatures vanquished.

Grand Total: 72 creatures vanquished

Notes
Turn   | Place    | Note
-------+----------+-------------------------------------------
     0 | D:1      | PhineusFerb the Hill Orc Fighter began the quest for the
                  | Orb.
     0 | D:1      | Reached XP level 1. HP: 19/19 MP: 1/1
   427 | D:1      | Reached XP level 2. HP: 25/27 MP: 2/2
  1527 | D:2      | Reached XP level 3. HP: 11/33 MP: 3/3
  1756 | D:2      | Found Luipp's Weapon Shoppe.
  1785 | D:2      | Identified the +6 dagger of Anguish {drain, rElec rC+ Str+4
                  | Int-3}
  1876 | D:2      | Found Visocofu's Assorted Antiques.
  1889 | D:2      | Bought a pair of boots for 99 gold pieces
  1913 | D:2      | Found Beummil's Distillery.
  2019 | D:3      | Found a transporter.
  2052 | D:3      | Reached XP level 4. HP: 35/40 MP: 4/4
  2271 | D:3      | Found a transporter.
  2274 | D:3      | Noticed QueenGhuleh's ghost (amateur MiBe)
  2817 | D:4      | Reached skill level 1 in Short Blades
  2880 | D:4      | Noticed Robin
  2892 | D:4      | Noticed a black bear
  2899 | D:4      | Reached XP level 5. HP: 32/46 MP: 5/5
  2914 | D:4      | Killed a black bear
  2917 | D:4      | Killed Robin
  2918 | D:4      | Reached XP level 6. HP: 32/53 MP: 6/6
  2924 | D:4      | Reached skill level 5 in Armour
  2956 | D:4      | Noticed Sigmund
  2972 | D:4      | Killed Sigmund
  2973 | D:4      | Reached skill level 1 in Dodging
  3003 | D:4      | Noticed Pargi
  3022 | D:4      | Killed Pargi
  3023 | D:4      | Reached skill level 5 in Fighting
  3023 | D:4      | Reached XP level 7. HP: 34/61 MP: 7/7
  3105 | D:4      | Found a basalt altar of Yredelemnul.
  3154 | D:4      | You fall into a shaft and drop 3 floors!
  3205 | D:7      | Noticed Menkaure
  3214 | D:7      | HP: 3/61 [necrophage (4)]
  3220 | D:7      | Shot with a bolt by an orc warrior

Illustrated notes

Levels and vault maps discovered:
D:1:      dpeg_arrival_castle, layout_basic
D:2:      layout_loops_ring, serial_undead, serial_undead_a, serial_undead_d,
          serial_undead_a, serial_undead_e, serial_undead_a, serial_undead_c,
          serial_undead_f, serial_undead_f, serial_shops,
          nicolae_shop_competitors_out_of_business, nicolae_shop_stone,
          nicolae_shop_stone, nicolae_shop_hallway_stairs
D:3:      layout_rooms, gammafunk_ghost_mausoleum
D:4:      layout_loops_corners, mainiacjoe_overflow_cross_hatched,
          mainiacjoe_overflow_chevrons, minmay_fractal_squares_5, uniq_sigmund,
          uniq_robin, uniq_pargi
D:7:      layout_cave_pods, mainiacjoe_overflow_concentric_impassable,
          grunt_temple_overflow_open, uniq_menkaure, uniq_pikel

Skill      XL: |  1  2  3  4  5  6 |
---------------+-------------------+-----
Axes           | 3 |  3.6
Armour         | 4 5 |  5.9
Fighting       | 4 5 |  5.0
Short Blades   | 1 2 3 |  3.7
Dodging        | 1 |  1.1
Shields        | 4 |  4.2
Stealth        | |  0.2

Action                   |  1- 3 |  4- 6 |  7- 9 || total
-------------------------+-------+-------+-------++-------
Melee: War axe           |    49 |       |       ||    49
       Dagger            |    29 |    89 |    12 ||   130
  Use: Potion            |     3 |     1 |     3 ||     7
       Scroll            |     3 |     1 |     2 ||     6
Armor: Scale mail        |     3 |       |       ||     3
       Chain mail        |    14 |    95 |     2 ||   111
       Robe              |     9 |       |       ||     9
Dodge: Dodged            |    24 |    44 |     3 ||    71
Block: Buckler           |    12 |    29 |     3 ||    44

Table legend: (Time is in decaauts)
 A = Elapsed time spent in this place.
 B = Non-inter-level travel time spent in this place.
 C = Inter-level travel time spent in this place.
 D = Time resting spent in this place.
 E = Time spent auto-exploring this place.
 F = Levels seen in this place.
 G = Mean time per level.
                   A        B        C        D        E       F      G
               +--------+--------+--------+--------+--------+-----+--------+
         Total |   3250 |   3250 |      0 |    805 |      0 |   5 |  650.0 |
       Dungeon |   3250 |   3250 |      0 |    805 |      0 |   5 |  650.0 |
               +--------+--------+--------+--------+--------+-----+--------+

Top non-repeatable levels by time:
     D:1: 1092 daAuts
     D:2: 891 daAuts
     D:3: 699 daAuts
     D:4: 502 daAuts
     D:7: 64 daAuts
